 Dungeon Crawl Stone Soup version 0.17-a0-1504-gb7d9117 (webtiles) character file.

5345 patman the Carver (level 10, -1/71 HPs)
             Began as a Halfling Berserker on July 9, 2015.
             Was a Priest of Trog.
             Slain by a wolf (6 damage)
             ... while paralysed
             ... on level 3 of the Lair of Beasts.
             The game lasted 00:23:24 (5399 turns).

patman the Carver (Halfling Berserker)              Turns: 5399, Time: 00:23:24

Health: -1/71      AC: 16    Str: 18    XL:     10   Next: 96%
Magic:  10/10      EV:  3    Int:  6    God:    Trog [***...]
Gold:   210        SH:  0    Dex: 17    Spells: 0 memorised, 9 levels left

rFire  . . .     SeeInvis .     a - +0 falchion
rCold  . . .     Clarity  .     k - +0 pearl dragon armour
rNeg   + . .     SustAt   .     (shield restricted)
rPois  .         Gourm    .     g - +0 helmet
rElec  .         Spirit   .     (no cloak)
rCorr  .         Warding  .     m - +0 pair of gloves
rMut   .         Stasis   .     (no boots)
MR     .....                    (no amulet)
Stlth  ..........               (no ring)
                                l - ring of invisibility

@: paralysed, exhausted, slowed, not resistant to hostile enchantments,
extremely unstealthy
A: mutation resistance 1
a: Burn Spellbooks, Berserk, Trog's Hand, Renounce Religion, Evoke Invisibility


You were on level 3 of the Lair of Beasts.
You worshipped Trog.
Trog was most pleased with you.
You were hungry.

You visited 2 branches of the dungeon, and saw 11 of its levels.

You collected 210 gold pieces.

Inventory:

Hand weapons
 a - a +0 falchion (weapon)
Missiles
 o - 5 tomahawks (quivered)
Armour
 g - a +0 helmet (worn)
 k - a +0 pearl dragon armour (worn)
 m - a +0 pair of gloves (worn)
Jewellery
 l - a ring of invisibility (left hand)
 z - an uncursed ring of sustain attributes {unknown}
Magical devices
 r - a wand of polymorph (4)
Scrolls
 b - a scroll of teleportation
 e - a scroll of recharging
 f - 5 scrolls of remove curse
 i - 2 scrolls of magic mapping
 s - 2 scrolls of blinking
 x - a scroll of fear
Potions
 d - a potion of berserk rage
 h - 3 potions of agility
 j - 3 potions of haste
 n - 2 potions of flight
 q - a potion of invisibility
 t - a potion of curing
 u - a potion of poison {unknown}
 v - a potion of resistance {unknown}
Books
 p - a book of Air

   Spells                             Type                      Level
   a - Shock                          Conjuration/Air              1
   b - Swiftness                      Charms/Air                   2
   c - Repel Missiles                 Charms/Air                   2
   d - Static Discharge               Conjuration/Air              3
   e - Lightning Bolt                 Conjuration/Air              5
   Trog disapproves of the use of such an item.
 y - a book of Changes

   Spells                             Type                      Level
   a - Beastly Appendage              Transmutation                1
   b - Sticks to Snakes               Transmutation                2
   c - Spider Form                    Transmutation/Poison         3
   d - Ice Form                       Ice/Transmutation            4
   e - Blade Hands                    Transmutation                5
   Trog disapproves of the use of such an item.
Comestibles
 c - 4 bread rations
 w - 5 chunks of flesh


   Skills:
 * Level 7.6 Fighting
 - Level 11.3 Long Blades
 * Level 8.8 Armour
 - Level 2.1 Dodging


You had 9 spell levels left.
You didn't know any spells.

Dungeon Overview and Level Annotations

Branches:
Dungeon (8/15)             Temple (0/1) D:6            Lair (3/8) D:8
  Swamp: Lair:3-6    Shoals: Lair:3-6     Snake: Lair:3-6    Spider: Lair:3-6

Altars:
Makhleb


Innate Abilities, Weirdness & Mutations

You are small and have problems with some larger weapons.
You are somewhat resistant to further mutation.


Message History

The wolf is almost dead.
You are no longer berserk.
You pass out from exhaustion.
You feel yourself slow down.
You are feeling hungry.
The wolf bites you.
* * * LOW HITPOINT WARNING * * *
The wolf bites you.
* * * LOW HITPOINT WARNING * * *
The wolf bites you but does no damage. x2
The wolf bites you.
* * * LOW HITPOINT WARNING * * *
The wolf bites you but does no damage. x3
The wolf bites you.
* * * LOW HITPOINT WARNING * * *
The wolf bites you.
* * * LOW HITPOINT WARNING * * *
The wolf completely misses you. The wolf bites you but does no damage.
The wolf bites you but does no damage. The wolf bites you.
You die...

... .... ... ..##... # ..
...P#....#. .. .......Y...##
.# . ..........#.#### .###...
...........##.†##hh...#
..........# ###.@hh...#
>.........#####.♣♣♣♣♣.#
..........#..#P.♣ .#
................♣ ♣.###
................♣ ♣...
.............P#.♣♣♣♣♣.# #
.......##...P##....h..#####P#
..>...#................#......
............P..............#..


You could see 4 wolves.

Vanquished Creatures
  A minotaur (Lair:1)
  A black mamba (Lair:1)
  3 spiny frogs
  4 blink frogs (Lair:1)
  A basilisk (Lair:1)
  5 yaks
  2 wolves (Lair:3)
  A hippogriff (Lair:1)
  A water moccasin (Lair:1)
  A phantom (D:4)
  A necrophage (D:6)
  5 crocodiles
  2 giant frogs
  Blork the orc (D:4)
  A scorpion (D:3)
  An electric eel (Lair:2)
  A crimson imp (D:5)
  A centaur zombie (D:7)
  A jelly (D:7)
  A giant frog skeleton (D:4)
  Jessica (D:3)
  4 iguanas (Lair:1)
  2 worker ants (D:4)
  An orc wizard (D:6)
  5 sheep (Lair:1)
  A hound skeleton (D:6)
  3 adders (D:4)
  12 river rats (Lair:1)
  An ooze (D:5)
  A giant gecko (D:4)
  2 orcs (D:6)
  2 giant cockroaches
  8 goblins
  6 hobgoblins
  A quokka (D:6)
  5 bats
  A giant newt (D:2)
  4 kobolds
  7 rats
  A fungus (D:8)
103 creatures vanquished.

Vanquished Creatures (others)
  7 fungi
  5 plants
12 creatures vanquished.

Grand Total: 115 creatures vanquished

Notes
Turn   | Place    | Note
--------------------------------------------------------------
     0 | D:1      | patman the Halfling Berserker began the quest for the Orb.
     0 | D:1      | Reached XP level 1. HP: 15/15 MP: 1/1
   151 | D:2      | Reached XP level 2. HP: 17/20 MP: 2/2
   302 | D:4      | Reached skill level 4 in Long Blades
   302 | D:4      | Reached XP level 3. HP: 20/25 MP: 3/3
   316 | D:4      | Reached XP level 4. HP: 10/30 MP: 4/4
   574 | D:4      | Reached skill level 5 in Long Blades
   656 | D:4      | Noticed Blork the orc
   691 | D:3      | Noticed Jessica
   862 | D:3      | Killed Jessica
   862 | D:3      | Reached XP level 5. HP: 35/35 MP: 5/5
   914 | D:3      | Acquired Trog's second power
   977 | D:4      | Reached skill level 6 in Long Blades
   979 | D:4      | Reached XP level 6. HP: 22/41 MP: 6/6
  1321 | D:4      | Killed Blork the orc
  1348 | D:5      | Entered Level 5 of the Dungeon
  1401 | D:4      | Reached skill level 7 in Long Blades
  1401 | D:4      | Reached XP level 7. HP: 15/45 MP: 7/7
  1822 | D:6      | Found a burning altar of Makhleb.
  1853 | D:6      | Reached skill level 8 in Long Blades
  2020 | D:6      | Found a staircase to the Ecumenical Temple.
  2385 | D:8      | Found a staircase to the Lair.
  2407 | Lair:1   | Entered Level 1 of the Lair of Beasts
  2430 | Lair:1   | Noticed a blink frog
  2468 | Lair:1   | Killed a blink frog
  2468 | Lair:1   | Reached skill level 9 in Long Blades
  2468 | Lair:1   | Reached XP level 8. HP: 38/51 MP: 8/8
  2939 | Lair:1   | Noticed a black mamba
  2960 | Lair:1   | Killed a black mamba
  2960 | Lair:1   | Reached skill level 10 in Long Blades
  3194 | Lair:1   | Noticed a spiny frog
  3204 | Lair:1   | Killed a spiny frog
  3204 | Lair:1   | Reached skill level 11 in Long Blades
  3204 | Lair:1   | Reached XP level 9. HP: 55/55 MP: 9/9
  3440 | Lair:1   | Noticed a blink frog
  3441 | Lair:1   | Noticed a blink frog
  3441 | Lair:1   | Noticed a yak
  3461 | Lair:1   | a blink frog changed into a basilisk
  3491 | Lair:1   | Noticed a blink frog
  3502 | Lair:1   | Noticed a blink frog
  3507 | Lair:1   | Killed a blink frog
  3513 | Lair:1   | Killed a blink frog
  3635 | Lair:1   | Killed a blink frog
  3662 | Lair:1   | Noticed a yak
  3664 | Lair:1   | Noticed a seven-headed hydra
  3707 | Lair:1   | Killed a yak
  3707 | Lair:1   | Reached skill level 5 in Armour
  3749 | Lair:1   | Reached skill level 5 in Fighting
  3829 | Lair:1   | Reached XP level 10. HP: 29/66 MP: 10/10
  4178 | Lair:1   | Noticed a minotaur
  4178 | Lair:1   | a seven-headed hydra changed into a minotaur
  4185 | Lair:1   | Killed a minotaur
  4347 | Lair:2   | Noticed a spiny frog
  4357 | Lair:2   | Noticed a blink frog
  4361 | Lair:2   | Noticed a blink frog
  4364 | Lair:2   | Killed a spiny frog
  4366 | Lair:2   | Noticed a blink frog
  4597 | Lair:1   | Noticed a yak
  4606 | Lair:1   | Noticed a yak
  4635 | Lair:1   | Killed a yak
  4647 | Lair:1   | Killed a yak
  4651 | Lair:1   | Killed a yak
  4880 | Lair:3   | Noticed a spiny frog
  4903 | Lair:3   | Killed a spiny frog
  5399 | Lair:3   | Slain by a wolf

Vault maps used:
D:1:      dpeg_arrival_pond, hangedman_decor_growths, minmay_three_crescents
D:2:      minmay_misc_feat_rows
D:3:      portal_sewer_entry_e, uniq_jessica
D:4:      first_bread, uniq_blork_the_orc
D:5:      black_bear_nest_2, kennysheep_little_box, lemuel_flame_loot_1
D:6:      nicolae_overflow_hidden_temple, minmay_temple_entry_statues_pillars,
          makhleb_blood_cavern_becter
D:8:      nicolae_ru_the_path_less_chosen, dpeg_oklobed_lair, uniq_erolcha
Lair:1:   minmay_hedge_maze
Lair:2:   lemuel_fruit_fields, grunt_megastairs_2, infiniplex_staircase_pool,
          lemuel_fruit_tree, serial_bayou_shore_a
Lair:3:   serial_bayou_shore_b, uniq_gastronok

Action                   |  1- 3 |  4- 6 |  7- 9 | 10-12 || total
-------------------------+-------+-------+-------+-------++-------
Melee: Falchion          |    56 |   136 |   322 |   250 ||   764
Throw: Throwing net      |       |       |     1 |       ||     1
       Tomahawk          |       |       |     6 |       ||     6
Invok: Berserk           |       |     1 |     6 |     4 ||    11
 Abil: Evoke Invisibilit |       |     1 |       |       ||     1
Evoke: Wand              |       |       |     1 |     4 ||     5
  Use: Scroll            |     3 |     2 |     9 |     2 ||    16
       Potion            |       |       |     5 |       ||     5
 Stab: Invisible         |       |     4 |     5 |       ||     9
  Eat: Chunk             |       |     1 |     9 |     5 ||    15
       Pizza             |       |     1 |       |       ||     1
       Meat ration       |       |       |     1 |       ||     1
       Beef jerky        |       |       |     1 |     2 ||     3
